 Dungeon Crawl Stone Soup version 0.24.0-13-gcf9b3192b9 (console) character file.

Game seed: 13312738176925003039, levelgen mode: deterministic

4218 Kagalorn the Frost Mage (level 10, -3/82 HPs)
             Began as a White Draconian Ice Elementalist on Nov 9, 2019.
             Was an Initiate of Sif Muna.
             Slain by a polar bear (18 damage)
             ... on level 8 of the Dungeon.
             The game lasted 00:46:12 (10556 turns).

Kagalorn the Frost Mage (DrIE)                     Turns: 10556, Time: 00:46:13

Health: -3/82      AC:  9    Str: 11    XL:     10   Next: 9%
Magic:  20/20      EV: 12    Int: 18    God:    Sif Muna [......]
Gold:   550        SH:  4    Dex: 12    Spells: 15/23 levels left

rFire    . . .     SeeInvis .   g - +3 hand axe (flame)
rCold    + . .     Gourm    .   Q - +0 buckler
rNeg     . . .     Faith    .   (armour unavailable)
rPois    .         Spirit   .   (helmet restricted)
rElec    .         Reflect  .   q - +0 cloak
rCorr    .         Harm     .   K - +0 pair of gloves
MR       .....                  (no boots)
Stlth    ++........             t - amulet of magic regeneration
HPRegen  0.23/turn              (no ring)
MPRegen  0.42/turn              (no ring)

@: no status effects
A: breathe frost, unfitting armour, cold resistance 1, cold-blooded, AC +7
a: Breathe Frost, Renounce Religion


You were on level 8 of the Dungeon.
You worshipped Sif Muna.
Sif Muna was noncommittal.
You were not hungry.

You visited 2 branches of the dungeon, and saw 9 of its levels.

You collected 550 gold pieces.

Inventory:

Hand Weapons
 a - a +2 quarterstaff of chaos
 c - a +0 hunting sling
 g - a +3 hand axe of flaming (weapon)
 z - a +0 morningstar
 G - a +0 rapier
 M - a +0 long sword
Missiles
 e - 230 stones
 f - 7 poisoned darts (quivered)
 m - 73 sling bullets
 s - 3 throwing nets
 u - 53 bolts
 w - 5 curare-tipped darts
Armour
 q - a +0 cloak (worn)
 K - a +0 pair of gloves (worn)
 O - a scarf of resistance
 Q - a +0 buckler (worn)
Jewellery
 k - an uncursed amulet of faith
 t - an amulet of magic regeneration (around neck)
 N - an uncursed ring of poison resistance
 R - a cursed ring of attention {unknown}
Wands
 S - a wand of iceblast (9)
Scrolls
 d - 7 scrolls of remove curse
 j - a scroll of noise {unknown}
 l - 2 scrolls of blinking
 v - 2 scrolls of amnesia {unknown}
 x - a scroll of enchant weapon
 y - a scroll of magic mapping
 A - a scroll of random uselessness {unknown}
 B - 2 scrolls of teleportation
 E - a scroll of fear {unknown}
 I - a scroll of fog {unknown}
 P - a scroll of vulnerability {unknown}
Potions
 h - 2 potions of agility
 i - 3 potions of curing
 n - 4 potions of invisibility {unknown}
 o - 3 potions of ambrosia
 p - a potion of berserk rage
 r - 2 potions of flight
 C - 2 potions of haste
 D - 2 potions of heal wounds
 F - a potion of magic
 H - 2 potions of resistance
 J - a potion of cancellation
 L - 2 potions of lignification
Comestibles
 b - 16 rations
 T - 3 chunks of flesh


   Skills:
 + Level 5.6 Fighting
 - Level 2.0 Dodging
 - Level 2.0 Stealth
 * Level 3.6 Shields
 - Level 7.0 Spellcasting
 + Level 7.8 Conjurations
 - Level 3.0 Charms
 - Level 8.0 Ice Magic
 * Level 2.5 Invocations


You had 15 spell levels left.
You knew the following spells:

 Your Spells              Type           Power        Failure   Level  Hunger
a - Freeze                Ice            ####         1%          1    None
b - Throw Icicle          Conj/Ice       ####....     4%          4    ####...
c - Ozocubu's Armour      Chrm/Ice       ####....     3%          3    ##.....

Your spell library contained the following spells:

 Spells                   Type           Power        Failure   Level  Hunger
 Throw Frost              Conj/Ice       ####..       1%          2    None
 Beastly Appendage        Tmut           #.....       11%         1    None
 Sticks to Snakes         Tmut           #.......     17%         2    None
 Ice Form                 Ice/Tmut       ###.....     22%         4    ####...
 Summon Ice Beast         Ice/Summ       ###.....     22%         4    ####...
 Spider Form              Tmut/Pois      #.........   32%         3    ##.....
 Cause Fear               Hex            #.........   73%         4    ####...
 Blade Hands              Tmut           #.........   97%         5    #####..
 Silence                  Hex/Air        #.........   97%         5    #####..
 Yara's Violent Unravell  Hex/Tmut       #.........   97%         5    #####..
 Deflect Missiles         Chrm/Air       ##........   100%        6    #######
 Discord                  Hex            #.........   100%        8    #######


Dungeon Overview and Level Annotations

Branches:
Dungeon (8/15)             Temple (1/1) D:7
   Lair: D:8-11

Altars:
Ashenzari
Cheibriados
Dithmenos
Elyvilon
Fedhas
Gozag
Hepliaklqana
Kikubaaqudgha
Makhleb
Nemelex Xobeh
Okawaru
Qazlal
Ru
Sif Muna
Trog
Uskayaw
Vehumet
Wu Jian
Xom
Yredelemnul
Zin
The Shining One

Shops:
D:5 (

Annotations:
D:3 2 runed translucent doors, sipior's ghost, amateur TrNe
D:4 1 runed translucent door, loom's ghost, amateur MfBe


Innate Abilities, Weirdness & Mutations

You can breathe waves of freezing cold.
You can buffet flying creatures when you breathe cold.
Your icy white scales are hard. (AC +7)
You cannot fit into any form of body armour.
Your flesh is cold resistant. (rC+)
You are cold-blooded and may be slowed by cold attacks.


Message History

The polar bear claws you.
* * * LOW HITPOINT WARNING * * *
The polar bear closely misses you.
You barely miss the polar bear.
The polar bear is severely wounded.
The polar bear completely misses you.
The polar bear claws you but does no damage. x2
You hit the polar bear. You burn the polar bear.
You tail-slap the polar bear, but do no damage.
The polar bear is severely wounded.
The polar bear goes berserk!
The polar bear bites you but does no damage.
The polar bear claws you but does no damage.
The polar bear misses you.
You barely miss the polar bear.
The polar bear is severely wounded.
The polar bear barely misses you.
The polar bear claws you but does no damage.
You block the polar bear's attack. The polar bear bites you!!
You die...

....Z..>#######.....#.
..#......#####.###... #...
.......#..# ###. ##[.#
..#..#.#.## #.
#...###.##...#.# #.
......#..##.###....# #. #...#
##(.#.#......## #. ...
#####h#.........# ## .
#...#@#.......#.######
#...#.........#.##.... .#
#...##)............### #. ..
##....).........#....# ..##.
#....<.#.........###.##
.....##..#####.......#..##...
.........#...........#......#
...........###.....)...##...#
....................#######..


You could see a polar bear (berserk).

Vanquished Creatures
  A polar bear (D:8)
  A hippogriff (D:8)
  2 yaks (D:8)
  Duvessa (D:7)
  2 orc warriors
  3 ice beasts
  2 black bears (D:7)
  A sky beast (D:5)
  A necrophage (D:7)
  2 centaurs
  7 ogres
  3 bullfrogs
  A hornet simulacrum (D:8)
  Dowan (D:7)
  A scorpion (D:6)
  A jelly (D:6)
  4 howler monkeys
  A crimson imp (D:7)
  A centaur zombie (D:8)
  A quasit (D:8)
  3 gnoll shamans (D:5)
  An orc priest (D:3)
  A water moccasin simulacrum (D:8)
  Crazy Yiuf (D:3)
  A bullfrog skeleton (D:5)
  2 hounds
  4 orc wizards
  3 iguanas
  4 worker ants
  A hound skeleton (D:7)
  A killer bee simulacrum (D:8)
  40 gnolls
  10 adders
  A shadow imp (D:6)
  2 white imps (D:8)
  4 oozes
  An adder skeleton (D:5)
  An adder zombie (D:5)
  3 dart slugs
  An adder simulacrum (D:8)
  4 leopard geckos
  18 orcs
  7 bats
  5 giant cockroaches
  10 goblins
  9 hobgoblins
  20 jackals
  11 kobolds
  6 quokkas
  3 ball pythons
  5 frilled lizards
  A quokka skeleton (D:6)
  14 rats
  A rat zombie (D:3)
236 creatures vanquished.

Notes
Turn   | Place    | Note
-------+----------+-------------------------------------------
     0 | D:1      | Kagalorn the Draconian Ice Elementalist began the quest for
                  | the Orb.
     0 | D:1      | Reached XP level 1. HP: 14/14 MP: 3/3
   166 | D:1      | Reached XP level 2. HP: 18/22 MP: 0/5
   564 | D:1      | Reached XP level 3. HP: 27/27 MP: 6/6
  1047 | D:2      | Reached skill level 1 in Fighting
  1065 | D:2      | Reached skill level 4 in Ice Magic
  1284 | D:2      | Reached XP level 4. HP: 35/35 MP: 8/8
  1548 | D:2      | Learned a level 4 spell: Throw Icicle
  1818 | D:3      | Found a runed translucent door.
  1819 | D:3      | Noticed Crazy Yiuf
  2258 | D:3      | Found a large runed translucent door.
  2258 | D:3      | Found a large runed translucent door.
  2259 | D:3      | Noticed sipior's ghost (amateur TrNe)
  2349 | D:3      | Found an ancient bone altar of Kikubaaqudgha.
  2735 | D:3      | Reached XP level 5. HP: 23/40 MP: 4/10
  2742 | D:3      | Learned a level 3 spell: Ozocubu's Armour
  2919 | D:4      | Noticed an ogre
  2957 | D:3      | HP: 1/40 [gnoll/+0 club (7)]
  3323 | D:4      | Found a runed translucent door.
  3324 | D:4      | Noticed loom's ghost (amateur MfBe)
  3489 | D:4      | Noticed an ogre
  3545 | D:4      | Killed an ogre
  3545 | D:4      | Reached XP level 6. HP: 7/50 MP: 7/12
  4406 | D:4      | Your scales start taking on an icy white colour.
  4406 | D:4      | Reached XP level 7. HP: 44/59 MP: 7/13
  4406 | D:4      | Gained mutation: Your flesh is cold resistant. (rC+) [White
                  | Draconian growth]
  4448 | D:5      | Entered Level 5 of the Dungeon
  4473 | D:5      | Found an opulent altar of Gozag.
  4596 | D:5      | Found Newnay's Antique Weapon Shoppe.
  4603 | D:5      | Reached skill level 1 in Charms
  5131 | D:5      | Reached skill level 5 in Ice Magic
  5637 | D:5      | HP: 3/60 [ogre/+0 giant club (22)]
  5651 | D:5      | Reached skill level 5 in Fighting
  5651 | D:5      | Reached skill level 5 in Conjurations
  5651 | D:5      | Reached XP level 8. HP: 6/68 MP: 14/14
  6549 | D:3      | Killed Crazy Yiuf
  6801 | D:6      | Reached skill level 5 in Spellcasting
  7313 | D:6      | HP: 1/68 [acid (6)]
  7741 | D:6      | Found an iron altar of Okawaru.
  7756 | D:6      | Reached skill level 6 in Ice Magic
  7850 | D:6      | Found a glowing silver altar of Zin.
  8355 | D:7      | Reached XP level 9. HP: 63/74 MP: 4/18
  8506 | D:7      | Reached skill level 7 in Ice Magic
  8791 | D:7      | Noticed Duvessa
  8792 | D:7      | Noticed Dowan
  8817 | D:7      | Killed Dowan
  8819 | D:7      | Found a glowing golden altar of the Shining One.
  8819 | D:7      | Found a staircase to the Ecumenical Temple.
  8866 | D:7      | Killed Duvessa
  8866 | D:7      | Reached skill level 8 in Ice Magic
  9176 | D:7      | Found a sacrificial altar of Ru.
  9246 | D:7      | Reached skill level 1 in Shields
  9606 | Temple   | Entered the Ecumenical Temple
  9798 | Temple   | Became a worshipper of Sif Muna the Loreminder
 10095 | D:8      | Reached skill level 1 in Invocations
 10222 | D:8      | Noticed a polar bear
 10238 | D:8      | Killed a polar bear
 10358 | D:8      | Found a bloodstained altar of Trog.
 10403 | D:8      | Noticed a polar bear
 10438 | D:8      | Reached XP level 10. HP: 43/81 MP: 5/20
 10556 | D:8      | Slain by a polar bear

Levels and vault maps discovered:
D:1:      minmay_arrival_split_and_join, layout_basic, minmay_tiny_reverse_x
D:2:      layout_basic, first_ration, minmay_hedge_maze, minmay_vboxes
D:3:      layout_loops_ring, lemuel_zombie_altar_kikubaaqudgha,
          ebering_ghost_disaster_area, kennysheep_nub, minmay_starry_boxes,
          uniq_crazy_yiuf_cottage
D:4:      layout_rooms, ebering_ghost_reflecting_pool
D:5:      lemuel_castle_with_subvaults [lemuel_castle_interior_carwin_2],
          layout_rooms, serial_shops, shop, basic_altar
D:6:      layout_loops_corners, marbit_many_paths, st_stairs_8,
          okawaru_metal_pillars_1_2
D:7:      layout_cave_pools, nicolae_ru_great_annihilating_truth,
          minmay_temple_entry_offerings, basic_altar, grunt_ogre_cave,
          uniq_duvessa
D:8:      layout_rooms, lemuel_doored_altar, serial_ice, serial_ice_b,
          serial_ice_f, serial_ice_o, serial_ice_d
Temple:   dpeg_five_rooms_temple

Skill      XL: |  1  2  3  4  5  6  7  8  9 |
---------------+----------------------------+-----
Fighting       | 1 2 4 5 |  5.6
Ice Magic      | 4 5 6 8 |  8.0
Spellcasting   | 3 4 6 7 |  7.0
Stealth        | 2 |  2.0
Dodging        | 2 |  2.0
Conjurations   | 2 3 5 6 7 |  7.8
Charms         | 3 |  3.0
Shields        | 3 |  3.6
Invocations    | 2 |  2.5

Action                   |  1- 3 |  4- 6 |  7- 9 | 10-12 || total
-------------------------+-------+-------+-------+-------++-------
Melee: Dagger            |   103 |   118 |    90 |       ||   311
       Tailslap          |    13 |    15 |    28 |     4 ||    60
       Hand axe          |       |       |   189 |    42 ||   231
Throw: Dart              |       |    18 |    32 |     2 ||    52
 Cast: Freeze            |    40 |    74 |   209 |     2 ||   325
       Ozocubu's Armour  |       |     3 |    10 |       ||    13
       Throw Icicle      |       |       |    39 |     5 ||    44
 Abil: Breathe Frost     |       |       |     1 |       ||     1
  Use: Scroll            |       |       |    15 |       ||    15
 Stab: Sleeping          |     4 |     5 |     2 |       ||    11
       Distracted        |       |     1 |       |       ||     1
  Eat: Chunk             |     2 |     6 |     8 |     3 ||    19
       Ration            |       |     1 |     5 |       ||     6
Armor: Skin              |    36 |    36 |   200 |    22 ||   294
Dodge: Dodged            |    83 |   109 |   310 |    36 ||   538
Block: Buckler           |       |       |    11 |    10 ||    21
